[Event "German Bundesliga 2024-25"]
[Site "Germany"]
[Date "2024.11.30"]
[Round "3.9"]
[White "Navara, David"]
[Black "Fedoseev, Vladimir"]
[Result "1/2-1/2"]
[Annotator "TA"]
[ECO "C42"]
[WhiteElo "2674"]
[BlackElo "2712"]
[PlyCount "99"]
[EventDate "2024.09.27"]
[EventType "team-tourn"]
[EventCountry "GER"]
[SourceTitle "playchess.com"]
[Source "ChessBase"]
[SourceQuality "1"]
[WhiteTeam "Muelheim Nord"]
[BlackTeam "Bayern Muenchen"]
[TimeControl "40/5400+30:1800+30"]

1. e4 e5 2. Nf3 Nf6 3. Nxe5 d6 4. Nf3 Nxe4 5. d4 d5 6. Bd3 Bd6 7. O-O O-O 8. c4 c6 9. Nc3 Nxc3 10. bxc3 dxc4 11. Bxc4 Bg4 12. h3 Bh5 13. g4 Bg6 14. Ne5 Bxe5 15. dxe5 Qa5 {[%emt 0:00:03][%csl LRc3,LRe5] Wards off Ba3} 16. Qe2 {[%emt 0:02:03] Strongly threatening f4.} Nd7 17. f4 {[%emt 0:08:20] Hoping for f5.} b5 $1 $36 {[%emt 0:00:07][%cal Oa5c3][%mdl 2048] Black has good play.} 18. Bb3 {[%emt 0:00:06] f5 would now be deadly.} Nc5 $1 {[%emt 0:00:06][%cal Oc5b3] ...Nxb3! is the strong threat.} 19. Be3 Bd3 {[%emt 0:02:06] [#]} (19... Qxc3 $2 20. Rac1 Qd3 21. Qxd3 Nxd3 22. Rxc6 $18) 20. Qd1 Bxf1 $17 (20... Qxc3 $6 21. Rc1 $14) 21. Bxc5 {[%emt 0:00:18] [#]} Be2 22. Qe1 (22. Qxe2 $2 Qxc3 23. Rf1 Qxc5+ $19) (22. Qd4 Rfd8) 22... Rfe8 23. e6 (23. Qxe2 $2 Qxc3 24. Rf1 Qxc5+ $19) 23... Bc4 24. e7 {[%emt 0:00:40] [#]} Bxb3 25. axb3 Qc7 26. Qe5 Qxe5 27. fxe5 {[%emt 0:00:07][%cal Ob3b4][%mdl 4096] Endgame. KRR-KRB} a5 28. Kf2 a4 29. bxa4 bxa4 ({Worse is} 29... Rxa4 30. Rd1 Raa8 31. Ke3 $16) 30. Ke3 h6 31. h4 Kh7 ({Better is} 31... f6 $17 {aiming for ...Kf7.} 32. e6 h5 33. gxh5 Kh7 (33... Ra5 34. Rd1 $15)) 32. Ke4 $11 h5 33. gxh5 Ra5 34. Bb4 Rb5 {[%emt 0:00:06] Threatens to win with ...c5.} 35. Bd6 ({Of course not} 35. Rxa4 c5 36. Ba5 Rxe7 $17) 35... f6 36. Rxa4 {[%emt 0:00:53] [#]} (36. exf6 {seems wilder.} gxf6 37. Rxa4 Rd5 38. Rd4) 36... Rxe7 37. Bxe7 {[%emt 0:00:07] The position is equal.} Rxe5+ 38. Kf4 Rxe7 {[%emt 0:00:07] KR-KR} 39. Rc4 $1 Re6 40. Rc5 Kh6 41. c4 Rd6 42. Kg3 Rd3+ 43. Kg4 Rd4+ 44. Kh3 f5 45. Rxf5 Rxc4 46. Rg5 c5 47. Rg6+ Kxh5 48. Rxg7 Rxh4+ 49. Kg3 {[%emt 0:00:04] Threatening mate with Rh7+.} Rc4 50. Kf3 {[%emt 0:00:08] Weighted Error Value: White=0.08 (flawless) /Black=0.07 (flawless) .  Mistake:       	White=1     	Black=2      Inaccurate:     	White=1     	---        OK:         	White=16    	Black=17     Best:        	White=7     	Black=3      Strong:       	White=1     	Black=2      Brilliant:      	---       	Black=1} 1/2-1/2

[Event "German Bundesliga 2024-25"]
[Site "Germany"]
[Date "2024.11.30"]
[Round "3.9"]
[White "Christiansen, Johan-Sebastian"]
[Black "Sarana, Alexey"]
[Result "1/2-1/2"]
[Annotator "TA"]
[ECO "C26"]
[WhiteElo "2661"]
[BlackElo "2679"]
[PlyCount "36"]
[EventDate "2024.09.27"]
[EventType "team-tourn"]
[EventCountry "GER"]
[SourceTitle "playchess.com"]
[Source "ChessBase"]
[SourceQuality "1"]
[WhiteTeam "St. Pauli"]
[BlackTeam "Viernheim"]
[TimeControl "40/5400+30:1800+30"]

1. e4 e5 2. Nc3 Nf6 3. d4 exd4 4. Qxd4 Nc6 5. Qd3 {[%emt 0:00:04] [#]} d5 $1 {[%emt 0:02:10] The position is equal.} 6. Bf4 d4 7. Nb5 Bb4+ 8. c3 dxc3 9. bxc3 (9. Nxc7+ $2 {loses.} Qxc7 10. bxc3 Qxf4 $19) 9... Ba5 {[%emt 0:00:23] [#] And now ...Qe7 would win.} 10. Qxd8+ Kxd8 11. O-O-O+ Bd7 {[%emt 0:00:12][%cal Oa7a6] Hoping for ...a6!} 12. f3 a6 13. Nd4 Nxd4 14. cxd4 Ba4 15. Rd3 Bb5 16. Rd1 Ba4 17. Rd3 Bb5 18. Rd1 Ba4 {[%emt 0:00:03] An uneventful encounter.   Weighted Error Value: White=0.00 (flawless) /Black=0.00 (flawless) .  OK:         	White=9     	Black=12     Best:        	White=1     	---} 1/2-1/2

[Event "German Bundesliga 2024-25"]
[Site "Germany"]
[Date "2024.11.30"]
[Round "3.9"]
[White "Kazakouski, Valery"]
[Black "Vachier-Lagrave, Maxime"]
[Result "0-1"]
[Annotator "TA"]
[ECO "D85"]
[WhiteElo "2567"]
[BlackElo "2737"]
[PlyCount "68"]
[EventDate "2024.09.27"]
[EventType "team-tourn"]
[EventCountry "GER"]
[SourceTitle "playchess.com"]
[Source "ChessBase"]
[SourceQuality "1"]
[WhiteTeam "Bad Mergentheim"]
[BlackTeam "Baden-Baden"]
[TimeControl "40/5400+30:1800+30"]

1. d4 Nf6 2. c4 g6 3. Nc3 d5 4. cxd5 Nxd5 5. Bd2 Bg7 6. e4 Nxc3 7. Bxc3 O-O 8. Qd2 c5 9. d5 e6 10. Bc4 exd5 {[%emt 0:00:36] The position is equal.} 11. Bxd5 Nc6 12. Ne2 {[%emt 0:00:50] Dodges Nd4} Be6 13. Rd1 Bxd5 14. Bxg7 Kxg7 15. exd5 Ne5 16. Qc3 Qf6 17. O-O Rfe8 18. Ng3 {[%emt 0:15:03][%cal Og3e4] Strongly threatening Ne4!} Nd7 19. Qc1 Qd6 20. Qc3+ Nf6 21. h4 h5 22. Rd3 Kg8 23. Rc1 b6 (23... Nxd5 $2 24. Qd2 $18) 24. Nf1 ({White should play} 24. Rcd1 $15) 24... Re2 $17 {[%emt 0:01:51][%cal Of6e4] ...Ne4! is the strong threat.} (24... Nxd5 $2 25. Qd2 $18) 25. Ng3 Re5 {[%emt 0:02:08][%cal Oa8e8] Black is more active.} (25... Nxd5 $2 26. Rxd5 (26. Nxe2 $2 Nxc3 27. Rdxc3 Qe7 $19) 26... Qxd5 27. Nxe2 $18) 26. Rcd1 Rae8 $1 (26... Nxd5 $2 27. Qd2 $18) (26... Rxd5 $2 27. Rxd5 Nxd5 28. Qf3 $18) 27. a3 Ng4 (27... Rxd5 28. Rxd5 Nxd5 29. Qb3 $11) (27... Nxd5 $2 28. Qd2 c4 29. Rd4 $18 (29. Rxd5 $2 Rxd5 30. Qxd5 Re1+ 31. Rxe1 Qxd5 $19)) 28. b4 $2 {[%emt 0:04:50] [#] This costs White the game.} (28. Qc1 $17) 28... c4 $1 $19 29. Rd4 (29. Qxc4 $2 {is a self mate.} Re1+ 30. Rxe1 Rxe1+ 31. Nf1 Qh2#) (29. Rf3 Rxd5) 29... b5 30. Nf1 Re2 31. Qg3 Qxg3 32. Nxg3 (32. fxg3 Ra2 (32... Nf2 33. R1d2 $15) 33. d6) 32... Re1+ {[%emt 0:00:31] Black is clearly winning.} (32... Rxf2 $2 {perishes.} 33. Rxg4 $18) 33. Nf1 c3 {[%emt 0:00:15] ( -> ...c2)} 34. d6 {[%emt 0:00:26] [#]} Nf6 $1 {[%emt 0:00:09] Weighted Error Value: White=0.35/Black=0.10 (very precise) .  Loses game:     	White=1     	---        Mistake:       	White=2     	---        Inaccurate:     	White=2     	Black=1      OK:         	White=9     	Black=13     Best:        	White=2     	Black=3      Strong:       	---       	Black=1      Brilliant:      	---       	Black=1} 0-1

[Event "German Bundesliga 2024-25"]
[Site "Germany"]
[Date "2024.11.30"]
[Round "3.10"]
[White "Aravindh, Chithambaram VR."]
[Black "Bjerre, Jonas Buhl"]
[Result "1-0"]
[Annotator "TA"]
[ECO "D38"]
[WhiteElo "2706"]
[BlackElo "2654"]
[PlyCount "111"]
[EventDate "2024.09.27"]
[EventType "team-tourn"]
[EventCountry "GER"]
[SourceTitle "playchess.com"]
[Source "ChessBase"]
[SourceQuality "1"]
[WhiteTeam "Viernheim"]
[BlackTeam "St. Pauli"]
[TimeControl "40/5400+30:1800+30"]

1. d4 Nf6 2. Nf3 d5 3. c4 e6 4. Bg5 Bb4+ 5. Nc3 h6 6. Bxf6 Qxf6 7. e3 c5 8. Rc1 cxd4 {[%emt 0:02:21] D38: Queen's Gambit Declined: Ragozin Defence (4 Nf3 Bb4).} 9. Nxd4 Nc6 10. cxd5 exd5 11. Bb5 O-O 12. a3 $146 ({Predecessor:} 12. O-O Bxc3 13. Rxc3 Nxd4 14. Qxd4 Qxd4 15. exd4 a6 16. Ba4 Be6 17. Rfc1 Rfc8 18. Bb3 Rxc3 19. Rxc3 {½-½ Kojima,S (2356)-Groszpeter,A (2456) Kecskemet Caissa GM New Year 2014 (8)}) 12... Nxd4 13. Qxd4 Qxd4 14. exd4 Bd6 15. Nxd5 Rd8 16. Ne3 Be7 17. d5 Bf6 18. Rc2 a6 19. Bd3 Bd7 20. Ke2 Ba4 21. Rd2 Rac8 22. f4 g6 23. Be4 Kf8 24. Kf3 Rc7 25. Rb1 Bb3 (25... Bb5 $14 {is superior.}) 26. Rd3 Bc2 (26... Ba4 $1 $14) 27. Rc1 Bxd3 28. Rxc7 Bxe4+ 29. Kxe4 Bxb2 30. Rxb7 f5+ 31. Kd3 Bxa3 32. Rb6 Kf7 {[%emt 0:03:38] [#]} 33. Rxa6 ({White should try} 33. Kd4 $1 $16 {[%cal Oe3c4] Hoping for Nc4!} Bc1 34. Nc4 (34. Rxa6 Bxe3+ 35. Kxe3 Rxd5 $11) 34... Bxf4 35. g3 (35. Rxa6 Bxh2 36. Ra7+ Kf8 $11)) 33... Bc1 $1 $11 34. Ra7+ Kf6 35. Ra6+ Kf7 36. Ra5 Re8 $1 37. Ra7+ Kf6 38. Ra6+ Kf7 39. Ra7+ Kf6 40. Ra6+ Kf7 41. Nc4 Bxf4 42. g3 Bb8 43. Kd4 h5 44. d6 Re2 45. Ra8 Bxd6 46. Nxd6+ Kf6 47. h4 Rd2+ 48. Kc5 Rc2+ $2 (48... Rd3 $14) 49. Nc4 $18 g5 (49... f4 $142 50. gxf4 Kf5) 50. Ra6+ $18 Kg7 51. Kd5 f4 52. gxf4 ({Worse is} 52. hxg5 fxg3 53. Ne3 Rf2 $11) 52... gxh4 (52... gxf4 $142 53. Ne5 Re2 54. Ra7+ Kg8) 53. Ne3 $18 Rf2 54. Nf5+ Kf7 55. Ke4 ({Weaker is} 55. Nxh4 Rxf4 56. Ng6 Rf1 $11) 55... h3 56. Rh6 1-0

[Event "German Bundesliga 2024-25"]
[Site "Germany"]
[Date "2024.11.30"]
[Round "3.10"]
[White "Kasimdzhanov, Rustam"]
[Black "Laurusas, Tomas"]
[Result "1/2-1/2"]
[Annotator "TA"]
[ECO "D94"]
[WhiteElo "2685"]
[BlackElo "2579"]
[PlyCount "84"]
[EventDate "2024.09.27"]
[EventType "team-tourn"]
[EventCountry "GER"]
[SourceTitle "playchess.com"]
[Source "ChessBase"]
[SourceQuality "1"]
[WhiteTeam "Baden-Baden"]
[BlackTeam "Bad Mergentheim"]
[TimeControl "40/5400+30:1800+30"]

1. c4 c6 2. d4 d5 3. Nc3 Nf6 4. e3 g6 5. Nf3 Bg7 6. Be2 O-O 7. O-O a6 8. a4 a5 9. b3 Bg4 10. h3 Bxf3 11. Bxf3 e6 12. Ba3 Re8 13. Qc2 Bf8 14. Bb2 Nbd7 15. Rad1 Bg7 16. g3 Qb6 17. Bg2 Qa6 18. Nb1 Rac8 19. Rfe1 Red8 20. Nd2 Qb6 21. Bc3 Qc7 22. Rc1 Ra8 23. Red1 h5 24. Bb2 Qb6 25. Nf3 Rac8 26. Ne1 Ra8 27. Bc3 Qc7 28. Nd3 Nb6 29. Be1 Nc8 30. Rb1 Nd6 31. Rdc1 Ra7 32. Qe2 Rda8 33. g4 hxg4 34. hxg4 Qe7 35. f3 Nd7 36. Bg3 Re8 37. Ne5 Rd8 38. Qf2 Raa8 39. Bf1 Ne8 40. Nd3 {[%emt 0:04:35] White is more active.} (40. f4 $16) 40... e5 $14 41. cxd5 cxd5 42. Kg2 Rac8 {[%emt 0:03:48] Weighted Error Value: White=0.11 (very precise) /Black=0.08 (flawless) .  Mistake:       	White=1     	---        Inaccurate:     	White=1     	Black=4      OK:         	White=8     	Black=9      Best:        	---       	Black=2} 1/2-1/2

[Event "German Bundesliga 2024-25"]
[Site "Germany"]
[Date "2024.11.30"]
[Round "3.10"]
[White "Santos Latasa, Jaime"]
[Black "Fridman, Daniel"]
[Result "1/2-1/2"]
[Annotator "ChessBase"]
[ECO "D35"]
[WhiteElo "2630"]
[BlackElo "2581"]
[PlyCount "89"]
[EventDate "2024.09.27"]
[EventType "team-tourn"]
[EventCountry "GER"]
[SourceTitle "playchess.com"]
[Source "ChessBase"]
[SourceQuality "1"]
[WhiteTeam "Bayern Muenchen"]
[BlackTeam "Muelheim Nord"]
[TimeControl "40/5400+30:1800+30"]

1. c4 e6 2. Nc3 d5 3. d4 Be7 4. cxd5 exd5 5. Bf4 Nf6 6. e3 Bf5 7. Qb3 Nc6 8. g4 Nxg4 9. Qxd5 Qc8 10. a3 O-O 11. Rd1 Re8 12. Nge2 Bh4 13. Bg3 Nf6 14. Qg2 Bxg3 15. Qxg3 Ne7 16. Rg1 Ng6 17. Nf4 Bg4 18. Rd2 Qf5 19. Nfd5 Nxd5 20. Qxg4 Qxg4 21. Rxg4 Nxc3 22. bxc3 Rad8 23. Rg5 b6 24. a4 Ne7 25. Bg2 Rd6 26. Ke2 f5 27. Bf3 Rh6 28. Rh5 Rxh5 29. Bxh5 Rd8 30. Bf3 Rd6 31. h3 Kf7 32. Rb2 Rh6 33. Bg2 Rg6 34. Kf1 Ke6 35. c4 Kd6 36. a5 Nc6 37. axb6 axb6 38. Rb5 Ne7 39. Rb1 Rf6 40. Ra1 Rf8 41. Ra6 Kd7 42. Ke2 Rf6 43. Ra8 Rg6 44. Kf1 Nc8 45. Bf3 1/2-1/2

[Event "German Bundesliga 2024-25"]
[Site "Germany"]
[Date "2024.11.30"]
[Round "3.11"]
[White "Maurizzi, Marc`Andria"]
[Black "Anton Guijarro, David"]
[Result "1/2-1/2"]
[Annotator "TA"]
[ECO "B12"]
[WhiteElo "2585"]
[BlackElo "2671"]
[PlyCount "102"]
[EventDate "2024.09.27"]
[EventType "team-tourn"]
[EventCountry "GER"]
[SourceTitle "playchess.com"]
[Source "ChessBase"]
[SourceQuality "1"]
[WhiteTeam "St. Pauli"]
[BlackTeam "Viernheim"]
[TimeControl "40/5400+30:1800+30"]

1. e4 c6 2. d4 d5 3. e5 Bf5 4. c4 e6 5. Nc3 dxc4 6. Bxc4 Nd7 7. Nge2 Ne7 8. O-O Nb6 9. Bb3 Qd7 {[%emt 0:02:00] B12: Caro-Kann: Advance Variation.} 10. Ng3 O-O-O 11. Qe2 $146 ({Predecessor:} 11. Bg5 Qxd4 12. Nxf5 Qxe5 13. Nxe7+ Bxe7 14. Bd2 Bg5 15. Qe1 Qf5 16. Bxg5 Qxg5 17. a4 {1-0 Kurchenko,E (2125)-Afanasieva,M (1747) Novorossiysk Small Land op 2023 (3)}) 11... Bg6 12. Rd1 Nf5 13. Nxf5 Bxf5 14. a4 Nd5 15. a5 Be7 16. a6 b6 17. Nxd5 exd5 18. Bf4 g5 19. Be3 Kb8 20. Rac1 Rc8 21. Bc2 h5 22. Bxf5 Qxf5 23. Rc3 Kc7 24. Bd2 Qe6 (24... g4 {feels hotter.} 25. f3 Kd7 26. Rf1 Rh7) 25. Re3 Kd7 26. Rf1 Rcg8 27. f4 gxf4 28. Rxf4 Rg4 (28... Bg5 29. Rxf7+ Be7 30. Bb4 Qxf7 31. e6+ $18) 29. Rxf7 (29. Rxg4 $11 hxg4 30. b4) 29... Rhg8 $1 $15 30. Rf2 $1 Rxd4 31. Qxh5 Rh4 32. Qf7 (32. Qf3 $1 $11 {remains equal.}) 32... Qxf7 $1 $17 33. Rxf7 Ke6 34. Ref3 Re4 (34... Ra4 $17 35. g3 Rxa6) 35. Kf1 (35. Rh7 $1 $11) 35... Ra4 $1 $15 36. g3 Ra1+ ({Black should try} 36... Rxa6 $15 37. Rh7 Bc5) 37. Kg2 Rb1 38. b3 d4 (38... Rb2 $5 39. Rf2 $8 Rxb3 $11 (39... Rxd2 40. Rxe7+ Kxe7 41. Rxd2 $11)) 39. Rh7 $1 c5 (39... Rb2 $11 40. Rf2 Re8 (40... c5 41. Kf3 $11)) 40. Rh6+ $15 Kd5 41. Rh7 Re8 42. h4 Rb2 $1 43. Rf2 $1 Rxb3 44. Rff7 Ke6 (44... Rb2 45. Rxe7 Rxe7 46. Rxe7) 45. Bf4 $2 (45. Bg5 $1 $15 Bxg5 46. hxg5) 45... c4 $19 46. h5 c3 (46... d3 $142 47. Rh6+ Kd5 (47... Kxf7 48. e6+ Kg7 49. Rg6+ Kh7 50. Rh6+ Kg7 51. Rg6+ Kh7 52. Rh6+ Kg8 53. Rg6+ Kh7 $11)) 47. h6 $19 Rb2+ $1 (47... d3 48. Rxe7+ Rxe7 49. Rxe7+ Kxe7 50. h7 Rb2+ 51. Kh3 $11) 48. Kh3 Rb1 $1 (48... d3 49. Rxe7+ Rxe7 50. Rxe7+ Kxe7 51. h7 $11) 49. Kg2 {[%emt 0:01:45] [#]} Rb2+ (49... d3 $6 50. Rxe7+ Rxe7 51. Rxe7+ Kxe7 52. h7 Rb2+ 53. Kh3 $11) ({Better is} 49... Bc5 $1 $17 {And now ...c2 would win.} 50. Rf6+ (50. Rxa7 $2 d3 $19) 50... Kd5 51. Rxa7 Kc4) 50. Kh3 $1 $15 Rb1 (50... Bc5 $15 51. Rf6+ (51. Rxa7 d3 $11) 51... Kd5) 51. Kg2 $1 $17 {[%emt 0:00:01] [#]} Rb2+ ({Reject} 51... d3 $6 52. Rxe7+ Rxe7 53. Rxe7+ Kxe7 54. h7 Rb2+ 55. Kh3 $11) ({Black should play} 51... Bc5 $1 $17 52. Rf6+ (52. Rxa7 $2 {is the wrong capture.} d3 $19) 52... Kd5 53. Rxa7 d3 54. Rd7+ Kc4) 1/2-1/2

[Event "German Bundesliga 2024-25"]
[Site "Germany"]
[Date "2024.11.30"]
[Round "3.11"]
[White "Vrolijk, Liam"]
[Black "Idani, Pouya"]
[Result "0-1"]
[Annotator "ChessBase"]
[ECO "E01"]
[WhiteElo "2512"]
[BlackElo "2603"]
[PlyCount "70"]
[EventDate "2024.09.27"]
[EventType "team-tourn"]
[EventCountry "GER"]
[SourceTitle "playchess.com"]
[Source "ChessBase"]
[SourceQuality "1"]
[WhiteTeam "Muelheim Nord"]
[BlackTeam "Bayern Muenchen"]
[TimeControl "40/5400+30:1800+30"]

1. d4 Nf6 2. c4 e6 3. Nf3 d5 4. g3 c5 5. cxd5 cxd4 6. Bg2 Qxd5 7. Qxd4 Nc6 8. Qxd5 Nxd5 9. Bd2 f6 10. O-O Nc7 11. Nc3 e5 12. Rac1 Be6 13. a3 O-O-O 14. Be3 Kb8 15. b4 Be7 16. Rfd1 g5 17. Ne4 g4 18. Ne1 Nb5 19. Bc5 f5 20. Bxe7 Nxe7 21. Nc5 Bc8 22. Rxd8 Rxd8 23. a4 Nd4 24. Bf1 b6 25. Ncd3 e4 26. Ne5 Rd5 27. Nc4 Nb3 28. Rc3 Rd1 29. Ng2 Be6 30. Nge3 Rb1 31. f3 gxf3 32. exf3 Nd4 33. Kf2 Nxf3 34. b5 Ra1 35. Be2 Nxh2 0-1

[Event "German Bundesliga 2024-25"]
[Site "Germany"]
[Date "2024.11.30"]
[Round "3.11"]
[White "Rakotomaharo, Fy Antenaina"]
[Black "Deac, Bogdan-Daniel"]
[Result "1/2-1/2"]
[Annotator "TA"]
[ECO "B30"]
[WhiteElo "2429"]
[BlackElo "2687"]
[PlyCount "66"]
[EventDate "2024.09.27"]
[EventType "team-tourn"]
[EventCountry "GER"]
[SourceTitle "playchess.com"]
[Source "ChessBase"]
[SourceQuality "1"]
[WhiteTeam "Bad Mergentheim"]
[BlackTeam "Baden-Baden"]
[TimeControl "40/5400+30:1800+30"]

1. e4 c5 2. Nf3 Nc6 3. Bb5 Nf6 4. Bxc6 dxc6 5. d3 Qc7 6. a4 e5 7. Na3 Be6 8. O-O Be7 9. Ng5 Bg4 10. f3 Bh5 11. Nc4 Nd7 12. Qe1 b5 13. Qa5 Qb8 (13... Qb7 $5 14. axb5 cxb5 $17) 14. axb5 cxb5 15. Na3 b4 16. Nc4 O-O 17. Be3 f6 18. Ne6 {[%emt 0:10:35] A dynamic duo of knights.} Rc8 19. Qa6 {[%emt 0:00:08][%cal Oe6g7] [#] Inhibits Rc6. Nxg7! would now be deadly.} Nb6 {[%emt 0:08:17] And now ...Nxc4 would win.} 20. f4 Bf7 21. f5 Nxc4 22. dxc4 Be8 23. Rfd1 Rc6 24. Qa5 Qc8 25. Rd5 Bf7 26. Qb5 ({Better is} 26. b3 $14) 26... Rb6 (26... a5 $15 27. Nd8 (27. Rxa5 $2 {loses.} Be8 $19) 27... Bxd8 28. Rxd8+ Qxd8 29. Qxc6 a4) 27. Qd7 $14 {[%emt 0:00:26] White is slightly better.} Qxd7 28. Rxd7 Bxe6 29. fxe6 Rxe6 30. Raxa7 Rxa7 31. Rxa7 {[%emt 0:00:04] KRB-KRB} Kf8 32. Kf1 h5 33. Ke2 Rc6 {[%emt 0:00:06] Weighted Error Value: White=0.15 (very precise) /Black=0.12 (very precise) .  Mistake:       	White=1     	Black=1      Inaccurate:     	White=4     	Black=2      OK:         	White=8     	Black=12     Best:        	White=1     	Black=2} 1/2-1/2

[Event "German Bundesliga 2024-25"]
[Site "Germany"]
[Date "2024.11.30"]
[Round "3.12"]
[White "Bacrot, Etienne"]
[Black "Razafindratsima, Timothe"]
[Result "1/2-1/2"]
[Annotator "RC"]
[ECO "A11"]
[WhiteElo "2653"]
[BlackElo "2465"]
[PlyCount "128"]
[EventDate "2024.09.27"]
[EventType "team-tourn"]
[EventCountry "GER"]
[SourceTitle "playchess.com"]
[Source "ChessBase"]
[SourceQuality "1"]
[WhiteTeam "Baden-Baden"]
[BlackTeam "Bad Mergentheim"]
[TimeControl "40/5400+30:1800+30"]

1. c4 Nf6 2. Nc3 e6 3. Nf3 d5 4. e3 Nbd7 5. b3 Bd6 6. Bb2 c6 7. Qc2 a6 8. d4 e5 9. cxd5 cxd5 10. dxe5 Nxe5 11. Be2 Nc6 12. Rd1 Qe7 13. O-O Be6 14. e4 d4 15. Nxd4 Nxd4 16. Rxd4 Be5 17. Rd3 Qc7 18. g3 Nxe4 19. Re3 Nxc3 20. Bxc3 Bd4 21. Rxe6+ fxe6 22. Bh5+ g6 23. Bxg6+ hxg6 24. Qxg6+ Qf7 25. Qxf7+ Kxf7 26. Bxd4 Rhd8 27. Be3 Rac8 28. Kg2 Rc2 29. Ra1 a5 30. h4 b5 31. h5 a4 32. Kf3 a3 33. g4 Kg7 34. g5 Rd5 35. Ke4 Rf5 36. Bd4+ Kg8 37. f4 Rd5 38. h6 Kh7 39. Rh1 Rd7 40. Bg7 Rxg7 41. hxg7+ Kxg7 42. Ra1 b4 43. Kd3 Rc3+ 44. Kd2 Rf3 45. Re1 Kf7 46. Re4 Rf2+ 47. Kd3 Rxa2 48. Rxb4 Rb2 49. Kc3 Rf2 50. Ra4 a2 51. Kd3 Kg6 52. Ke4 Re2+ 53. Kf3 Rb2 54. Ra6 Kf5 55. Ra5+ Kg6 56. Ke4 Re2+ 57. Kd4 Rd2+ 58. Ke4 Re2+ 59. Kf3 Rb2 60. b4 Rb3+ 61. Kg4 Rxb4 62. Ra6 a1=Q 63. Rxa1 e5 64. Ra6+ Kg7 1/2-1/2

[Event "German Bundesliga 2024-25"]
[Site "Germany"]
[Date "2024.11.30"]
[Round "3.12"]
[White "Korobov, Anton"]
[Black "Janik, Igor"]
[Result "1-0"]
[Annotator "ChessBase"]
[ECO "E15"]
[WhiteElo "2636"]
[BlackElo "2513"]
[PlyCount "65"]
[EventDate "2024.09.27"]
[EventType "team-tourn"]
[EventCountry "GER"]
[SourceTitle "playchess.com"]
[Source "ChessBase"]
[SourceQuality "1"]
[WhiteTeam "Viernheim"]
[BlackTeam "St. Pauli"]
[TimeControl "40/5400+30:1800+30"]

1. d4 Nf6 2. c4 e6 3. Nf3 b6 4. g3 Ba6 5. b3 Bb4+ 6. Bd2 Be7 7. Nc3 d5 8. cxd5 exd5 9. Bg2 O-O 10. Ne5 Bb7 11. Rc1 Re8 12. O-O Nbd7 13. Bf4 Nf8 14. e3 Ne6 15. h4 c5 16. Bg5 Nxg5 17. hxg5 Ne4 18. Qh5 g6 19. Qh1 Bxg5 20. Nxf7 Qe7 21. Nxg5 Qxg5 22. Nxe4 dxe4 23. dxc5 bxc5 24. Rfd1 Re7 25. Rc4 Rf8 26. Qh4 Qe5 27. Rdc1 g5 28. Qh5 Qf6 29. Rxc5 Qxf2+ 30. Kh2 Qxe3 31. Rxg5+ Kh8 32. Qh6 Qf2 33. Rf1 1-0

[Event "German Bundesliga 2024-25"]
[Site "Germany"]
[Date "2024.11.30"]
[Round "3.12"]
[White "Alonso Rosell, Alvar"]
[Black "Beerdsen, Thomas"]
[Result "1-0"]
[Annotator "ChessBase"]
[ECO "D05"]
[WhiteElo "2532"]
[BlackElo "2508"]
[PlyCount "67"]
[EventDate "2024.09.27"]
[EventType "team-tourn"]
[EventCountry "GER"]
[SourceTitle "playchess.com"]
[Source "ChessBase"]
[SourceQuality "1"]
[WhiteTeam "Bayern Muenchen"]
[BlackTeam "Muelheim Nord"]
[TimeControl "40/5400+30:1800+30"]

1. d4 d5 2. Nf3 Nf6 3. e3 e6 4. Bd3 c5 5. b3 Nc6 6. O-O b6 7. Bb2 Be7 8. Nbd2 Bb7 9. a3 O-O 10. dxc5 bxc5 11. c4 Nd7 12. Qb1 h6 13. cxd5 exd5 14. Bh7+ Kh8 15. Bf5 Nb6 16. Rd1 Rb8 17. Ne4 Bc8 18. Ng3 Bf6 19. Bxc8 Rxc8 20. Nh5 Bxb2 21. Qxb2 Rg8 22. Nf4 Qd6 23. Rac1 Rgd8 24. Nh5 d4 25. Ng3 Ne5 26. Nxe5 Qxe5 27. h3 Rb8 28. exd4 cxd4 29. Rd3 Na4 30. Qe2 Qg5 31. f4 Qxf4 32. Rf1 Qg5 33. bxa4 Re8 34. Qg4 1-0

[Event "German Bundesliga 2024-25"]
[Site "Germany"]
[Date "2024.11.30"]
[Round "3.13"]
[White "Feuerstack, Aljoscha"]
[Black "Amin, Bassem"]
[Result "0-1"]
[Annotator "ChessBase"]
[ECO "C45"]
[WhiteElo "2471"]
[BlackElo "2647"]
[PlyCount "68"]
[EventDate "2024.09.27"]
[EventType "team-tourn"]
[EventCountry "GER"]
[SourceTitle "playchess.com"]
[Source "ChessBase"]
[SourceQuality "1"]
[WhiteTeam "St. Pauli"]
[BlackTeam "Viernheim"]
[TimeControl "40/5400+30:1800+30"]

1. e4 e5 2. Nf3 Nc6 3. d4 exd4 4. Nxd4 Bc5 5. Nb3 Bb4+ 6. c3 Be7 7. Bf4 Bf6 8. N1d2 Nge7 9. h4 Ng6 10. Be3 Bxh4 11. Qh5 d6 12. g3 Bf6 13. f4 Nge7 14. O-O-O g6 15. Qh2 Bg4 16. Be2 Qc8 17. e5 dxe5 18. Ne4 Bg7 19. fxe5 Bxe2 20. Qxe2 Nxe5 21. Bg5 Qe6 22. Nbc5 Qc6 23. Nd7 O-O-O 24. Nxe5 Bxe5 25. Bxe7 Rde8 26. Bh4 f5 27. Nd2 Bxc3 28. Qf1 Bxd2+ 29. Kxd2 Re5 30. Rc1 Rd5+ 31. Ke2 Re8+ 32. Kf3 Rd3+ 33. Kf4 g5+ 34. Kxf5 Qe6+ 0-1

[Event "German Bundesliga 2024-25"]
[Site "Germany"]
[Date "2024.11.30"]
[Round "3.13"]
[White "Ikonnikov, Vyacheslav"]
[Black "Shirov, Alexei"]
[Result "0-1"]
[Annotator "ChessBase"]
[ECO "D43"]
[WhiteElo "2465"]
[BlackElo "2646"]
[PlyCount "87"]
[EventDate "2024.09.27"]
[EventType "team-tourn"]
[EventCountry "GER"]
[SourceTitle "playchess.com"]
[Source "ChessBase"]
[SourceQuality "1"]
[WhiteTeam "Bad Mergentheim"]
[BlackTeam "Baden-Baden"]
[TimeControl "40/5400+30:1800+30"]

1. d4 d5 2. Nf3 Nf6 3. c4 c6 4. Nc3 e6 5. Qb3 Be7 6. g3 dxc4 7. Qxc4 b5 8. Qb3 b4 9. Na4 Nbd7 10. Bg2 Ba6 11. Bd2 Qa5 12. a3 Qb5 13. Qd1 bxa3 14. bxa3 Rb8 15. Nc3 Qb3 16. O-O O-O 17. Qxb3 Rxb3 18. Rfb1 Rfb8 19. Bf1 c5 20. Rxb3 Rxb3 21. a4 Bb7 22. dxc5 Bxc5 23. Rb1 Rxb1 24. Nxb1 Ne4 25. Be1 Kf8 26. Nfd2 Bb4 27. Nxe4 Bxe1 28. Nec3 Ke7 29. Bg2 Bxg2 30. Kxg2 a5 31. Kf3 Kd6 32. Ke3 Kc5 33. Ne4+ Kb4 34. Ng5 Kxa4 35. Nxf7 Kb3 36. Ng5 Kb2 37. Nd2 Bxd2+ 38. Kxd2 a4 39. Nxe6 a3 40. Nd4 Nc5 41. Kd1 Ne4 42. f3 a2 43. Nc2 Nc3+ 44. Ke1 0-1